 Dungeon Crawl Stone Soup version 0.21.1-1-g345015f (webtiles) character file.

44 inc the Scratcher (level 3, -4/17 HPs)
             Began as a Felid Chaos Knight on Feb 22, 2018.
             Killed by divine providence
             ... invoked by an orc priest
              (10 damage)
             ... on level 4 of the Dungeon.
             The game lasted 00:06:26 (2640 turns).

inc the Scratcher (Felid Chaos Knight)              Turns: 2640, Time: 00:06:27

Health: -4/17      AC:  1    Str:  8    XL:     3   Next: 41%
Magic:  4/4        EV: 19    Int: 14    God:    Xom [.....*]
Gold:   63         SH:  0    Dex: 15    Spells: 2/2 levels left
                                        Lives:  0   Deaths: 1

rFire    . . .     SeeInvis +     - Unarmed
rCold    . . .     Gourm    .   (shield unavailable)
rNeg     . . .     Faith    .   (armour unavailable)
rPois    .         Spirit   .   (helmet unavailable)
rElec    .         Reflect  .   (cloak unavailable)
rCorr    .         Harm     .   (gloves unavailable)
MR       .....                  (boots unavailable)
Stlth    ++........             (no amulet)
HPRegen  0.05/turn              (no ring)
MPRegen  0.09/turn              (no ring)

@: quick
A: very small, no armour, no weapons or thrown items, stealth, claws 1, fangs 3,
see invisible, carnivore, speed 1, shaggy fur 1, slow metabolism 1, sharp paws
a: Renounce Religion


You were on level 4 of the Dungeon.
You worshipped Xom.
You were Xom's teddy bear.
You were not hungry.

You visited 1 branch of the dungeon, and saw 4 of its levels.

You collected 63 gold pieces.

Inventory:

Jewellery
 c - an uncursed amulet of the gourmand
Scrolls
 b - 4 scrolls of remove curse {unknown}
 f - 7 scrolls of identify {unknown}
Potions
 d - a potion of lignification
 g - a potion of agility {unknown}
Books
 e - a book of Changes

   Spells                             Type                      Level
   a - Beastly Appendage              Transmutation                1
   b - Sticks to Snakes               Transmutation                2
   c - Spider Form                    Transmutation/Poison         3
   d - Ice Form                       Ice/Transmutation            4
   e - Blade Hands                    Transmutation                5
Comestibles
 a - 4 rations


   Skills:
 - Level 3.0 Fighting
 + Level 3.7 Dodging
 - Level 5.0 Unarmed Combat


You had 2 spell levels left.
You didn't know any spells.

Dungeon Overview and Level Annotations

Branches:
Dungeon (4/15)
 Temple: D:4-7

Altars:
Okawaru
Xom

Annotations:
D:3 kalagan's ghost, amateur DENe


Innate Abilities, Weirdness & Mutations

You cannot wear armour.
You are incapable of wielding weapons or throwing items.
Your paws allow you to move quietly. (Stealth)
You have sharp claws.
You have razor-sharp teeth.
You have supernaturally acute eyesight. (SInv)
You are carnivorous and can eat meat at any time.
You cover ground quickly.
You are covered in fur. (AC +1)
You have a slow metabolism.
Your sharp claws are effective at attacking unaware monsters.


Message History

3 orcs and an orc priest come into view.
Found 7 gold pieces.
There is a stone staircase leading up here.
The helpless orc fails to defend itself.
You claw the orc!
You kill the orc!
The orc priest shouts!
The orc shouts! x2
The orc misses you.
The orc priest mumbles some strange prayers to Beogh against you.
Pain shoots through your body!
You scratch the orc priest.
The orc priest is lightly wounded.
The orc completely misses you. The orc priest hits you with a mace.
A shower of butterflies erupts from you!
The orc misses you.
The orc priest calls down the wrath of Beogh upon you.
Beogh smites you!
Ouch! That really hurt!
You die...
Xom chuckles heartily!

### ######..
##....b.######
......bo.o...#
#.###o@####.#
#..)## #.## #


You could see an orc priest and 2 orcs.

Vanquished Creatures
  A worker ant (D:3)
  An adder (D:2)
  An ooze (D:1)
  A dart slug (D:1)
  3 leopard geckos
  An orc (D:4)
  4 giant cockroaches
  6 goblins
  7 hobgoblins
  3 jackals (D:2)
  4 bats (D:1)
  6 frilled lizards
  4 kobolds (D:2)
  7 rats
49 creatures vanquished.

Notes
Turn   | Place    | Note
-------+----------+-------------------------------------------
     0 | D:1      | inc the Felid Chaos Knight began the quest for the Orb.
     0 | D:1      | Reached XP level 1. HP: 10/10 MP: 2/2
     0 | D:1      | Noticed a centaur
     0 | D:1      | Noticed a dwarf
     2 | D:1      | Noticed a minotaur
     2 | D:1      | Noticed a troll
     4 | D:1      | Noticed a minotaur
     6 | D:1      | Noticed a draconian
     8 | D:1      | Noticed a vampire
    10 | D:1      | Noticed a troll
    12 | D:1      | Noticed a draconian
    14 | D:1      | Noticed an ogre
    14 | D:1      | Noticed a centaur
    16 | D:1      | Noticed a ghoul
    16 | D:1      | Noticed a gargoyle
    18 | D:1      | Noticed a felid
    20 | D:1      | Noticed a gargoyle
   107 | D:1      | XOM: harmless Tloc miscast
   292 | D:2      | XOM: 1-stop teleportation journey
   301 | D:2      | XOM: swap monsters
   304 | D:2      | Reached XP level 2. HP: 9/14 MP: 3/3
   606 | D:2      | Found a shimmering altar of Xom.
   606 | D:2      | Found a shimmering altar of Xom.
   606 | D:2      | Found a shimmering altar of Xom.
   607 | D:2      | Found a shimmering altar of Xom.
   607 | D:2      | Found a shimmering altar of Xom.
   607 | D:2      | Found a shimmering altar of Xom.
   607 | D:2      | Found a shimmering altar of Xom.
   608 | D:2      | Found a shimmering altar of Xom.
   644 | D:2      | XOM: noise
   660 | D:2      | You fall through a shaft!
   753 | D:2      | Found an iron altar of Okawaru.
   772 | D:2      | Reached skill level 4 in Unarmed Combat
   897 | D:2      | Reached XP level 3. HP: 16/17 MP: 4/4
  1147 | D:2      | XOM: cloud trail
  1607 | D:1      | XOM: 2-stop teleportation journey
  2151 | D:1      | XOM: mild Air miscast
  2310 | D:3      | XOM: harmless Erth miscast
  2323 | D:3      | Reached skill level 5 in Unarmed Combat
  2323 | D:3      | Reached XP level 4. HP: 14/21 MP: 5/5
  2477 | D:3      | Noticed a sky beast
  2479 | D:3      | XOM: potion effect (brilliance)
  2480 | D:3      | XOM: potion effect (agility)
  2484 | D:3      | XOM: silly message
  2493 | D:3      | XOM: divination: magic mapping
  2506 | D:3      | XOM: smoke on damage
  2507 | D:3      | Noticed a water moccasin
  2507 | D:3      | a sky beast changed into a water moccasin
  2507 | D:3      | XOM: polymorph sky beast -> water moccasin
  2510 | D:3      | XOM: confuse monster(s)
  2512 | D:3      | XOM: summons friendly white imp
  2544 | D:3      | HP: 1/21 [poisoned by a water moccasin]
  2549 | D:3      | Succumbed to a water moccasin's poison
  2550 | D:3      | Reached XP level 3. HP: 0/17 MP: 4/4
  2568 | D:3      | Noticed kalagan's ghost (amateur DENe)
  2639 | D:4      | XOM: butterfly on damage
  2640 | D:4      | Killed from afar by an orc priest

Skill      XL: |  1  2  3 |
---------------+----------+-----
Unarmed Combat | 4 5 |  5.0
Fighting       | |  3.0
Dodging        | |  3.7

Action                   |  1- 3 |  4- 6 || total
-------------------------+-------+-------++-------
Melee: Unarmed           |   118 |    17 ||   135
       Bite              |     5 |     1 ||     6
       Punch             |     2 |       ||     2
  Use: Potion            |     3 |     2 ||     5
 Stab: Sleeping          |    10 |       ||    10
  Eat: Chunk             |     8 |     1 ||     9
Armor: Skin              |     1 |     1 ||     2
Dodge: Dodged            |    86 |    14 ||   100
